 Dungeon Crawl Stone Soup version 0.31-a0-700-gf13585253f (webtiles) character file.

Game seed: 18413572508808125292

20697 qw the Marksgargoyle (level 12, -3/78 HPs)
             Began as a Gargoyle Hunter on Sept 7, 2023.
             Was an Elder of Okawaru.
             Slain by a komodo dragon (4 damage)
             ... on level 3 of the Lair of Beasts.
             The game lasted 00:06:35 (13240 turns).

qw the Marksgargoyle (Gargoyle Hunter)             Turns: 13240, Time: 00:06:36

Health: -3/78      AC: 18    Str: 23    XL:     12   Next: 82%
Magic:  17/18      EV: 18    Int:  9    God:    Okawaru [****..]
Gold:   750        SH:  5    Dex: 17    Spells: 11/11 levels left

rFire   + . .        Y - +0 orcbow
rCold   + . .        (shield currently unavailable)
rNeg    + . .        b - +1 robe {rC+}
rPois   inf          (no helmet)
rElec   +            d - +1 cloak
rCorr   .            k - +2 pair of gloves
SInv    .            (no boots)
Will    .....        o - amulet of reflection
Stlth   +++          n - +6 ring of strength
HPRegen 0.33/turn    h - ring of protection from fire
MPRegen 0.16/turn

%: reflection
@: heroic
A: sickness immunity, AC +8, negative energy resistance 1, electricity
resistance, torment resistance 1, petrification resistance
a: Renounce Religion, Heroism, Finesse


You were on level 3 of the Lair of Beasts.
You worshipped Okawaru.
Okawaru was greatly pleased with you.
You visited 3 branches of the dungeon, and saw 12 of its levels.
You also visited: Sewer.

You collected 750 gold pieces.


Innate Abilities, Weirdness & Mutations

You are immune to sickness and miasma.
Your stone body is resilient. (AC +8)
You are immune to poison.
You resist negative energy. (rN+)
You are resistant to electric shocks. (rElec)
You are resistant to unholy torment.
You are immune to petrification.


   Skills:
 + Level 10.4(15.4) Fighting
 - Level 16.0(21.0) Ranged Weapons
 - Level 3.3(8.3) Armour
 - Level 5.0(10.0) Dodging
 - Level 1.1(6.1) Stealth
 + Level 8.8 Invocations


You had 11 spell levels left.
You didn't know any spells.
Your spell library was empty.

Inventory:

Hand Weapons
 Y - a +0 orcbow (weapon)
Armour
 b - a +1 robe of cold resistance (worn)
 d - a +1 cloak (worn)
 f - a +0 ring mail
 k - a +2 pair of gloves (worn)
Jewellery
 h - a ring of protection from fire (right hand)
 j - a ring of fire
 n - a +6 ring of strength (left hand)
 o - an amulet of reflection (around neck)
Wands
 m - a wand of digging (9)
Scrolls
 a - 3 scrolls of identify
 q - a scroll of brand weapon {unknown}
Potions
 c - 2 potions of enlightenment
 e - 5 potions of curing
 g - a potion of haste
 i - a potion of might
 l - 2 potions of cancellation

Dungeon Overview and Level Annotations

Branches:
Dungeon (8/15)             Temple (1/1) D:6            Lair (3/5) D:8
 Spider (0/4) Lair:2        Sewer (visited)
  Swamp: Lair:2-3    Shoals: Lair:2-3

Altars:
Ashenzari
Cheibriados
Dithmenos
Elyvilon
Fedhas
Gozag
Hepliaklqana
Kikubaaqudgha
Makhleb
Nemelex Xobeh
Okawaru
Qazlal
Ru
Sif Muna
Uskayaw
Vehumet
Xom
Yredelemnul
The Shining One

Shops:
D:1 *

Annotations:
Lair:3 3 runed translucent doors, qw's ghost, journeyman GrHu


Message History

The polar bear completely misses you.
13237 |||
Found retreat position at -1,1 (plant; floor) with 0 blocking monsters and 3 monsters attacking at destination at distance 1 You shoot an arrow.
The arrow hits the polar bear.
The polar bear is lightly wounded.
The black mamba misses you. The cane toad closely misses you.
The polar bear bites you but does no damage.
The polar bear misses you. The polar bear closely misses you.
The polar bear bites you! The polar bear claws you.
The polar bear completely misses you.
Something bites the plant!
Something claws the plant. x2; The polar bear closely misses you.
The polar bear claws you. The polar bear completely misses you.
13238 |||
Found retreat position at -1,1 (plant; floor) with 0 blocking monsters and 3 monsters attacking at destination at distance 1 You shoot an arrow.
The arrow hits the polar bear.
The polar bear is lightly wounded.
The black mamba misses you. The cane toad barely misses you.
The black mamba closely misses you.
The polar bear bites you but does no damage.
The polar bear barely misses you.
The polar bear claws you but does no damage.
Something bites the plant!
Something claws the plant. x2
The polar bear completely misses you.
The polar bear claws you but does no damage. x2
13239 |||
Found retreat position at -1,1 (plant; floor) with 0 blocking monsters and 3 monsters attacking at destination at distance 1 You shoot an arrow.
The arrow hits the polar bear but does no damage.
The polar bear is lightly wounded.
A nearby plant withers and dies.
The polar bear misses you.
The polar bear claws you but does no damage.
The polar bear misses you. The black mamba bites you.
The cane toad barely misses you.
13240 |||
Found retreat position at -1,1 (plant; floor) with 0 blocking monsters and 3 monsters attacking at destination at distance 1 You shoot an arrow.
The arrow hits the polar bear but does no damage.
The polar bear is lightly wounded.
The black mamba barely misses you. The polar bear bites you.
The polar bear misses you. x2; The polar bear completely misses you.
You block the polar bear's attack. The polar bear closely misses you. x2
The polar bear claws you. The polar bear completely misses you.
You block the cane toad's attack. The komodo dragon bites you.
You die...

#.....#77.77#..[..#..........#
####### ###########..........#
....................#
....................##
.....................#
....................##
....................#
......lFh...........#
......S@hh..........#
..##P#P#h...........# #
##.h..+#.+##.#.#
..h....#..####.# ...........#
.# ...####..... .# ### P.....#
...##.## .#.. ##


You could see 5 polar bears, a komodo dragon, a black mamba and a cane toad.

Vanquished Creatures
  A hydra (Lair:3)
  2 catoblepae
  A two-headed ogre (D:7)
  A fire crab (Lair:3)
  4 black mambas
  9 elephants
  9 cane toads
  2 komodo dragons
  A rime drake (Lair:1)
  2 polar bears (Lair:3)
  12 blink frogs
  12 yaks
  A basilisk (Lair:1)
  A wyvern (Lair:3)
  A steam dragon (D:7)
  Menkaure (D:7)
  8 water moccasins
  6 orc warriors (D:8)
  5 black bears
  3 sky beasts
  An ogre (D:7)
  4 wolves (Lair:2)
  3 centaurs
  A kobold brigand (D:7)
  15 bullfrogs
  4 scorpions
  5 wights (D:8)
  3 killer bees (D:7)
  A howler monkey (D:5)
  2 hounds
  4 iguanas
  4 orc priests
  5 orc wizards
  5 hell rats (Lair:2)
  10 adders
  4 river rats (Sewer)
  A white imp (D:7)
  3 ufetubi
  4 worms
  54 orcs
  8 endoplasms
  2 giant cockroaches
  8 goblins
  10 hobgoblins
  9 jackals
  A quokka (D:2)
  9 ball pythons
  7 bats
  7 frilled lizards
  7 kobolds
  13 rats
296 creatures vanquished.

Vanquished Creatures (others)
  An orc (D:8)
1 creature vanquished.

Grand Total: 297 creatures vanquished

Notes
Turn   | Place    | Note
-------+----------+-------------------------------------------
     0 | D:1      | qw the Gargoyle Hunter began the quest for the Orb.
     0 | D:1      | Reached XP level 1. HP: 12/12 MP: 1/1
     0 | D:1      | 0 ||| qw: Version: 0.3-a-76-g4403597
     0 | D:1      | 0 ||| qw: Game counter: 614
     0 | D:1      | 0 ||| qw: Melee chars always use a shield: true
     0 | D:1      | 0 ||| qw: God list: Okawaru
     0 | D:1      | 0 ||| qw: Allow faded altars: false
     0 | D:1      | 0 ||| qw: Do Orc after clearing Dungeon:15 true
     0 | D:1      | 0 ||| qw: Do second Lair branch before Depths: true
     0 | D:1      | 0 ||| qw: Lair rune preference: random
     0 | D:1      | 0 ||| qw: Goals: Normal
     0 | D:1      | 0 ||| PLANNING D:1-11
   134 | D:1      | Found Kaet's General Store.
   150 | D:1      | 150 ||| SHOPLISTING +0 helmet (45 gold, have 6).
   150 | D:1      | 150 ||| SHOPLISTING 2 potions of curing (60 gold, have 6).
   150 | D:1      | 150 ||| SHOPLISTING amulet of regeneration (300 gold, have
                  | 6).
   150 | D:1      | 150 ||| SHOPLISTING potion of haste (100 gold, have 6).
   150 | D:1      | 150 ||| SHOPLISTING potion of resistance (100 gold, have
                  | 6).
   165 | D:1      | Reached XP level 2. HP: 17/17 MP: 2/2
   210 | D:1      | You fall into a shaft and drop 1 floor!
   261 | D:2      | 261 ||| READING 2 scrolls labelled QISEAGRONYU.
   262 | D:2      | 262 ||| READING scroll labelled XIUZAFRAPN.
   263 | D:2      | 263 ||| READING scroll labelled BIEMIJ FYLIR.
   314 | D:2      | 314 ||| DRINKING 3 bubbling coppery potions.
   315 | D:2      | 315 ||| DROPPING scroll of butterflies.
   321 | D:2      | 321 ||| FLEEEEING.
   322 | D:2      | 322 ||| STAIRDANCE
   899 | D:1      | 899 ||| READING scroll labelled GOAGRE QOJIAFF.
   900 | D:1      | 900 ||| READING scroll labelled IXELEA KUAMMA.
   926 | D:2      | 926 ||| STAIRDANCE
   967 | D:2      | Reached XP level 3. HP: 21/21 MP: 3/3
  1014 | D:2      | Reached skill level 5 in Ranged Weapons
  1283 | D:2      | 1283 ||| UPGRADING to +0 ring mail.
  1293 | D:2      | 1293 ||| DROPPING +0 leather armour.
  1294 | D:2      | 1294 ||| UPGRADING to +0 pair of gloves.
  1299 | D:2      | 1299 ||| DROPPING ring of magical power.
  1300 | D:2      | 1300 ||| READING scroll labelled DODEOXK MADE.
  1301 | D:2      | 1301 ||| READING scroll labelled RULUCH LAANARI.
  1302 | D:2      | 1302 ||| READING 2 scrolls of identify.
  1302 | D:2      | 1302 ||| IDENTIFYING metallic black potion
  1303 | D:2      | 1303 ||| DROPPING potion of attraction.
  1323 | D:3      | 1323 ||| STAIRDANCE
  1352 | D:3      | 1352 ||| STAIRDANCE
  1361 | D:2      | Reached skill level 1 in Armour
  1427 | D:3      | 1427 ||| STAIRDANCE
  1440 | D:3      | Reached XP level 4. HP: 25/27 MP: 4/4
  1480 | D:3      | Reached skill level 3 in Fighting
  2185 | D:3      | 2185 ||| READING 2 scrolls labelled HECHOHOAXI.
  2188 | D:3      | 2188 ||| DRINKING 2 ruby potions.
  2189 | D:3      | 2189 ||| DRINKING 2 coppery potions.
  2222 | D:4      | 2222 ||| PLANNING SEWER
  2236 | D:4      | Found a sacrificial altar of Ru.
  2251 | D:4      | Found a glowing drain.
  2264 | Sewer    | Entered a sewer
  2297 | Sewer    | Reached XP level 5. HP: 27/32 MP: 5/5
  2409 | Sewer    | 2409 ||| READING scroll of enchant weapon.
  2409 | Sewer    | 2409 ||| ENCHANTING +1 shortbow.
  2412 | Sewer    | 2412 ||| READING scroll of enchant weapon.
  2412 | Sewer    | 2412 ||| ENCHANTING +2 shortbow.
  2456 | Sewer    | Reached skill level 6 in Ranged Weapons
  2466 | Sewer    | 2466 ||| Stepping ~*~*~tactically~*~*~ (water).
  2561 | Sewer    | 2561 ||| Stepping ~*~*~tactically~*~*~ (water).
  2581 | Sewer    | 2581 ||| READING 4 scrolls labelled VUXUTAC CYEHIO.
  2582 | Sewer    | 2582 ||| READING 2 scrolls of identify.
  2582 | Sewer    | 2582 ||| IDENTIFYING brown potion
  2583 | Sewer    | 2583 ||| DROPPING potion of invisibility.
  2584 | Sewer    | 2584 ||| DROPPING 3 scrolls of vulnerability.
  2621 | D:4      | 2621 ||| PLANNING D:1-11
  2680 | D:4      | 2680 ||| READING scroll of enchant armour.
  2680 | D:4      | 2680 ||| ENCHANTING +0 pair of gloves.
  2736 | D:4      | 2736 ||| RETREATING.
  2738 | D:4      | 2738 ||| Stepping ~*~*~tactically~*~*~ (outnumbered).
  2739 | D:4      | 2739 ||| Stepping ~*~*~tactically~*~*~ (outnumbered).
  2742 | D:4      | 2742 ||| DRINKING 3 potions of curing.
  2742 | D:4      | 2742 ||| (to cure confusion)
  2755 | D:4      | Reached XP level 6. HP: 29/38 MP: 6/6
  3094 | D:4      | Reached skill level 7 in Ranged Weapons
  3341 | D:4      | Found a blossoming altar of Fedhas.
  3402 | D:4      | 3402 ||| READING scroll labelled VAWNO NIQAA.
  3449 | D:5      | Entered Level 5 of the Dungeon
  3579 | D:5      | 3579 ||| Stepping ~*~*~tactically~*~*~ (retreating).
  3580 | D:5      | 3580 ||| Stepping ~*~*~tactically~*~*~ (retreating).
  3581 | D:5      | 3581 ||| Stepping ~*~*~tactically~*~*~ (retreating).
  3582 | D:5      | 3582 ||| RETREATING.
  3582 | D:5      | HP: 4/38 [orc priest/divine providence (13)]
  3583 | D:5      | 3583 ||| READING 3 scrolls of teleportation.
  3584 | D:5      | 3584 ||| DRINKING 2 potions of heal wounds.
  3585 | D:5      | 3585 ||| Stepping ~*~*~tactically~*~*~ (retreating).
  3637 | D:5      | 3637 ||| READING scroll of enchant armour.
  3637 | D:5      | 3637 ||| ENCHANTING +1 pair of gloves.
  3779 | D:5      | Noticed a black bear
  3787 | D:5      | Killed a black bear
  3788 | D:5      | Reached XP level 7. HP: 33/43 MP: 7/7
  3942 | D:5      | Identified the +1 trident of the Endless Expanse {drain,
                  | rPois rF- SInv}
  3944 | D:5      | 3944 ||| Stepping ~*~*~tactically~*~*~ (outnumbered).
  3966 | D:5      | Reached skill level 8 in Ranged Weapons
  4136 | D:5      | 4136 ||| SWAPPING to +0 orcbow.
  4137 | D:5      | 4137 ||| DROPPING +3 shortbow.
  4370 | D:5      | 4370 ||| READING 4 scrolls of identify.
  4370 | D:5      | 4370 ||| IDENTIFYING bubbling silvery potion
  4371 | D:5      | 4371 ||| READING 3 scrolls of identify.
  4371 | D:5      | 4371 ||| IDENTIFYING orange potion
  4372 | D:5      | 4372 ||| READING 2 scrolls of identify.
  4372 | D:5      | 4372 ||| IDENTIFYING fuming silvery potion
  4373 | D:5      | 4373 ||| DROPPING potion of lignification.
  4423 | D:6      | Reached XP level 8. HP: 25/50 MP: 8/8
  4821 | D:6      | Found a staircase to the Ecumenical Temple.
  4822 | D:6      | 4822 ||| PLANNING TEMPLE
  4822 | D:6      | 4822 ||| READING 2 scrolls of identify.
  4822 | D:6      | 4822 ||| IDENTIFYING dark potion
  4823 | D:6      | 4823 ||| DROPPING potion of magic.
  4832 | Temple   | Entered the Ecumenical Temple
  4833 | Temple   | 4833 ||| PLANNING OKAWARU WORSHIP
  4903 | Temple   | Became a worshipper of Warmaster Okawaru
  4904 | Temple   | 4904 ||| PLANNING D:1-11
  5475 | D:6      | 5475 ||| DROPPING ring of wizardry.
  5487 | D:7      | Noticed a two-headed ogre
  5487 | D:7      | Found a burning altar of Makhleb.
  5498 | D:7      | Killed a two-headed ogre
  5499 | D:7      | Reached skill level 10 in Ranged Weapons
  5499 | D:7      | Reached XP level 9. HP: 24/54 MP: 9/9
  5499 | D:7      | 5499 ||| STAIRDANCE
  5700 | D:7      | 5700 ||| Stepping ~*~*~tactically~*~*~ (outnumbered).
  5703 | D:7      | 5703 ||| RETREATING.
  5712 | D:7      | 5712 ||| DRINKING 4 potions of curing.
  5712 | D:7      | 5712 ||| (to cure confusion)
  5722 | D:7      | 5722 ||| Stepping ~*~*~tactically~*~*~ (retreating).
  5735 | D:7      | Reached * piety under Okawaru
  5736 | D:7      | Reached skill level 6 in Fighting
  5736 | D:7      | 5736 ||| INVOKING Heroism.
  5923 | D:7      | Reached skill level 1 in Invocations
  5979 | D:7      | 5979 ||| INVOKING Heroism.
  6198 | D:7      | 6198 ||| INVOKING Heroism.
  6313 | D:7      | 6313 ||| INVOKING Heroism.
  6482 | D:7      | Noticed Menkaure
  6483 | D:7      | 6483 ||| INVOKING Heroism.
  6491 | D:7      | Killed Menkaure
  6492 | D:7      | Reached skill level 11 in Ranged Weapons
  6653 | D:7      | 6653 ||| INVOKING Heroism.
  6829 | D:7      | 6829 ||| READING 2 scrolls labelled RESUZA GAUMOI.
  6830 | D:7      | 6830 ||| DRINKING 3 inky potions.
  6831 | D:7      | 6831 ||| READING 3 scrolls of identify.
  6831 | D:7      | 6831 ||| IDENTIFYING red potion
  6832 | D:7      | 6832 ||| DROPPING scroll of revelation.
  6833 | D:7      | 6833 ||| DROPPING 2 potions of brilliance.
  6880 | D:8      | 6880 ||| INVOKING Heroism.
  6888 | D:8      | HP: 11/57 [orc warrior/+0 trident (4)]
  6889 | D:8      | 6889 ||| READING 2 scrolls of teleportation.
  6890 | D:8      | 6890 ||| DRINKING 5 potions of heal wounds.
  6894 | D:8      | Reached skill level 3 in Dodging
  6899 | D:8      | 6899 ||| INVOKING Heroism.
  6910 | D:8      | Reached skill level 3 in Armour
  6919 | D:8      | HP: 14/57 [black bear (4)]
  6920 | D:8      | 6920 ||| READING scroll of teleportation.
  6921 | D:8      | 6921 ||| DRINKING 4 potions of heal wounds.
  6923 | D:8      | 6923 ||| INVOKING Heroism.
  6924 | D:8      | 6924 ||| RETREATING.
  6925 | D:8      | 6925 ||| Stepping ~*~*~tactically~*~*~ (retreating).
  6926 | D:8      | 6926 ||| Stepping ~*~*~tactically~*~*~ (retreating).
  6927 | D:8      | 6927 ||| Stepping ~*~*~tactically~*~*~ (retreating).
  6935 | D:8      | HP: 12/57 [orc/+1 whip of electrocution (3)]
  6936 | D:8      | 6936 ||| DRINKING 3 potions of heal wounds.
  6950 | D:8      | HP: 14/57 [centaur (4)]
  6951 | D:8      | 6951 ||| DRINKING 2 potions of heal wounds.
  6956 | D:8      | 6956 ||| INVOKING Heroism.
  6975 | D:8      | 6975 ||| INVOKING Heroism.
  7050 | D:8      | 7050 ||| INVOKING Heroism.
  7148 | D:8      | Reached XP level 10. HP: 60/64 MP: 11/11
  7271 | D:8      | 7271 ||| FLEEEEING.
  7278 | D:8      | 7278 ||| STAIRDANCE
  7317 | D:7      | 7317 ||| UPGRADING to +1 robe of cold resistance.
  7327 | D:7      | 7327 ||| UPGRADING to +0 cloak.
  7332 | D:7      | 7332 ||| READING scroll of enchant armour.
  7332 | D:7      | 7332 ||| ENCHANTING +0 cloak.
  7340 | D:8      | 7340 ||| INVOKING Heroism.
  7633 | D:8      | 7633 ||| INVOKING Heroism.
  7653 | D:8      | Reached skill level 3 in Invocations
  7721 | D:8      | Reached skill level 12 in Ranged Weapons
  7807 | D:8      | Found a staircase to the Lair.
  7865 | D:8      | 7865 ||| INVOKING Heroism.
  8116 | D:8      | Noticed a catoblepas
  8117 | D:8      | 8117 ||| INVOKING Heroism.
  8134 | D:8      | Killed a catoblepas
  8646 | D:8      | 8646 ||| PLANNING LAIR
  8646 | D:8      | 8646 ||| DROPPING amulet of guardian spirit.
  8647 | D:8      | 8647 ||| READING scroll labelled XECOAL PUVUL.
  8648 | D:8      | 8648 ||| READING 3 scrolls of identify.
  8648 | D:8      | 8648 ||| IDENTIFYING green potion
  8649 | D:8      | 8649 ||| DROPPING potion of ambrosia.
  8656 | D:8      | 8656 ||| INVOKING Heroism.
  8905 | Lair:1   | Entered Level 1 of the Lair of Beasts
  8948 | Lair:1   | Noticed a catoblepas
  8949 | Lair:1   | 8949 ||| INVOKING Heroism.
  8960 | Lair:1   | Killed a catoblepas
  8960 | Lair:1   | Reached ** piety under Okawaru
  9166 | Lair:1   | 9166 ||| INVOKING Heroism.
  9167 | Lair:1   | Noticed a cane toad
  9168 | Lair:1   | 9168 ||| RETREATING.
  9180 | Lair:1   | Reached skill level 13 in Ranged Weapons
  9187 | Lair:1   | Killed a cane toad
  9188 | Lair:1   | Reached XP level 11. HP: 52/69 MP: 14/14
  9392 | Lair:1   | Reached skill level 9 in Fighting
  9471 | Lair:1   | 9471 ||| RETREATING.
  9482 | Lair:1   | 9482 ||| INVOKING Heroism.
  9895 | Lair:1   | 9895 ||| RETREATING.
  9920 | Lair:1   | 9920 ||| Stepping ~*~*~tactically~*~*~ (retreating).
  9921 | Lair:1   | 9921 ||| Stepping ~*~*~tactically~*~*~ (retreating).
  9925 | Lair:1   | 9925 ||| Stepping ~*~*~tactically~*~*~ (retreating).
  9926 | Lair:1   | 9926 ||| Stepping ~*~*~tactically~*~*~ (retreating).
  9933 | Lair:1   | 9933 ||| Stepping ~*~*~tactically~*~*~ (retreating).
  9935 | Lair:1   | 9935 ||| Stepping ~*~*~tactically~*~*~ (retreating).
  9936 | Lair:1   | 9936 ||| Stepping ~*~*~tactically~*~*~ (retreating).
  9937 | Lair:1   | 9937 ||| Stepping ~*~*~tactically~*~*~ (retreating).
  9938 | Lair:1   | 9938 ||| Stepping ~*~*~tactically~*~*~ (retreating).
  9939 | Lair:1   | 9939 ||| INVOKING Heroism.
  9946 | Lair:1   | Reached *** piety under Okawaru
  9947 | Lair:1   | 9947 ||| FLEEEEING.
  9948 | Lair:1   | 9948 ||| RETREATING.
  9959 | Lair:1   | HP: 14/71 [elephant (8)]
  9960 | Lair:1   | 9960 ||| READING scroll of teleportation.
  9961 | Lair:1   | 9961 ||| DRINKING potion of heal wounds.
  9964 | Lair:1   | Reached skill level 14 in Ranged Weapons
 10299 | Lair:1   | 10299 ||| INVOKING Heroism.
 10608 | Lair:1   | 10608 ||| UPGRADING to +6 ring of strength.
 10609 | Lair:1   | 10609 ||| DRINKING 2 lumpy pink potions.
 10610 | Lair:1   | 10610 ||| DROPPING potion of degeneration.
 10632 | Lair:2   | 10632 ||| INVOKING Heroism.
 10661 | Lair:2   | 10661 ||| INVOKING Heroism.
 10789 | Lair:2   | 10789 ||| INVOKING Heroism.
 11065 | Lair:2   | 11065 ||| INVOKING Heroism.
 11218 | Lair:2   | 11218 ||| RETREATING.
 11329 | Lair:2   | You fall into a shaft and drop 1 floor!
 11343 | Lair:3   | 11343 ||| UPGRADING to ring of protection from fire.
 11354 | Lair:3   | Reached **** piety under Okawaru
 11367 | Lair:2   | 11367 ||| INVOKING Heroism.
 11375 | Lair:2   | 11375 ||| RETREATING.
 11379 | Lair:2   | 11379 ||| Stepping ~*~*~tactically~*~*~ (retreating).
 11385 | Lair:2   | 11385 ||| Stepping ~*~*~tactically~*~*~ (retreating).
 11386 | Lair:2   | 11386 ||| Stepping ~*~*~tactically~*~*~ (retreating).
 11403 | Lair:2   | 11403 ||| INVOKING Heroism.
 11425 | Lair:2   | Reached skill level 15 in Ranged Weapons
 11569 | Lair:2   | 11569 ||| INVOKING Heroism.
 11574 | Lair:2   | Reached XP level 12. HP: 77/77 MP: 12/15
 11629 | Lair:2   | 11629 ||| INVOKING Heroism.
 11639 | Lair:2   | 11639 ||| RETREATING.
 11687 | Lair:2   | 11687 ||| INVOKING Heroism.
 11715 | Lair:2   | Found a hole to the Spider Nest.
 11898 | Lair:2   | 11898 ||| UPGRADING to amulet of reflection.
 11981 | Lair:3   | 11981 ||| RETREATING.
 12001 | Lair:3   | Reached skill level 6 in Invocations
 12115 | Lair:3   | 12115 ||| RETREATING.
 12124 | Lair:3   | 12124 ||| INVOKING Heroism.
 12168 | Lair:3   | Found a runed translucent gate.
 12169 | Lair:3   | Noticed qw's ghost (journeyman GrHu)
 12170 | Lair:3   | Found a runed translucent gate.
 12171 | Lair:3   | Found a runed translucent gate.
 12172 | Lair:3   | Noticed a ten-headed hydra
 12173 | Lair:3   | Noticed a 12-headed hydra
 12221 | Lair:3   | 12221 ||| INVOKING Heroism.
 12222 | Lair:3   | 12222 ||| RETREATING.
 12310 | Lair:3   | 12310 ||| INVOKING Heroism.
 12322 | Lair:3   | 12322 ||| RETREATING.
 12395 | Lair:3   | Noticed a four-headed hydra
 12396 | Lair:3   | 12396 ||| INVOKING Heroism.
 12406 | Lair:3   | HP: 13/77 [black mamba (9)]
 12407 | Lair:3   | 12407 ||| DRINKING 3 potions of heal wounds.
 12415 | Lair:3   | HP: 15/77 [four-headed hydra (13)]
 12416 | Lair:3   | 12416 ||| DRINKING 2 potions of heal wounds.
 12422 | Lair:3   | HP: 12/77 [four-headed hydra (8)]
 12423 | Lair:3   | 12423 ||| DRINKING potion of heal wounds.
 12428 | Lair:3   | Killed a four-headed hydra
 12434 | Lair:3   | HP: 6/77 [black bear (2)]
 12677 | Lair:3   | 12677 ||| INVOKING Heroism.
 12689 | Lair:3   | HP: 16/77 [cane toad (9)]
 12888 | Lair:3   | 12888 ||| INVOKING Heroism.
 12935 | Lair:3   | Reached skill level 16 in Ranged Weapons
 13097 | Lair:3   | 13097 ||| INVOKING Heroism.
 13225 | Lair:3   | 13225 ||| RETREATING.
 13228 | Lair:3   | 13228 ||| Stepping ~*~*~tactically~*~*~ (retreating).
 13229 | Lair:3   | 13229 ||| Stepping ~*~*~tactically~*~*~ (retreating).
 13230 | Lair:3   | 13230 ||| Stepping ~*~*~tactically~*~*~ (retreating).
 13231 | Lair:3   | 13231 ||| INVOKING Heroism.
 13237 | Lair:3   | HP: 12/78 [polar bear (10)]
 13239 | Lair:3   | HP: 5/78 [black mamba (2)]
 13240 | Lair:3   | HP: 1/78 [polar bear (3)]
 13240 | Lair:3   | Slain by a komodo dragon

Levels and vault maps discovered:
D:1:      kilobyte_arrival_exit_the_forest, layout_loops_ring, serial_shops,
          shop, serial_forest, infiniplex_forest_clump_small,
          infiniplex_forest_clump_large, infiniplex_forest_lined_3,
          infiniplex_forest_join
D:2:      layout_rooms
D:3:      layout_loops_ring, hangedman_decor_points, minmay_misc_feat_roman,
          nrook_mini_backslash
D:4:      layout_basic, fedhas_altar_4, mainiacjoe_overflow_cross_hatched,
          cheibrodos_sewer_entry_bend
D:5:      lemuel_ice_spiral_2, layout_basic
D:6:      layout_basic, minmay_temple_entry_junction, lemuel_flamethrower_2
D:7:      layout_basic, bloody_makhleb, minmay_misc_feat_enclosed,
          minmay_fractal_squares_gapless_5, uniq_menkaure
D:8:      layout_basic, due_lair_maze_entry_diamond, special_room
          [special_room_orc]
Temple:   minmay_temple_bridge_d
Lair:1:   layout_layer_cave, grunt_megastairs_5
Lair:2:   layout_chaotic_city, spider_nest_entry_web_field, lemuel_fruit_fields
Lair:3:   nzn_winding_woodlands_medium [nzn_winding_woodlands_hourglass,
          nzn_winding_woodlands_5x15_garden, nzn_winding_woodlands_5x5_cross,
          nzn_winding_woodlands_5x5_open_star,
          nzn_winding_woodlands_center_pierced_h,
          nzn_winding_woodlands_5x5_three, nzn_winding_woodlands_5x5_perimeter,
          nzn_winding_woodlands_5x15_zeroes, nzn_winding_woodlands_5x5_default],
          layout_regular_city, alex1729_swamp_entry_worm_eleionoma,
          gammafunk_ghost_hydra_chop, cheibrodos_lair_lostbears

Skill      XL: |  1  2  3  4  5  6  7  8  9 10 11 12 |
---------------+-------------------------------------+-----
Ranged Weapons | 5 6 7 8 10 11 13 15 16 | 16.0
Armour         | 1 2 3 |  3.3
Fighting       | 3 4 5 8 10 | 10.4
Dodging        | 2 3 4 5 |  5.0
Invocations    | 2 4 5 8 |  8.8
Stealth        | |  1.1

Action                     |  1- 3 |  4- 6 |  7- 9 | 10-12 || total
---------------------------+-------+-------+-------+-------++-------
   Fire: Shortbow          |   123 |   236 |    50 |       ||   409
         Orcbow            |       |       |   369 |   853 ||  1222
 Invoke: Heroism           |       |       |    12 |    27 ||    39
    Use: Scroll            |     8 |     9 |     8 |     4 ||    29
         Potion            |     1 |     4 |     6 |     5 ||    16
 Armour: Leather armour    |    23 |       |       |       ||    23
         Ring mail         |    32 |    82 |   366 |    10 ||   490
         Robe              |       |       |       |   366 ||   366
  Dodge: Dodged            |    36 |    64 |   308 |   391 ||   799
  Block: Other             |       |       |       |    45 ||    45

Table legend:
 A = Non-vault XP
 B = Vault XP
 C = Vault XP percentage of total XP
 D = Non-vault monster count
 E = Vault monster count
 F = Vault count percentage of total count
                 A         B        C        D         E       F
            +---------+---------+-------+---------+---------+-------
      Total |   21465 |    8103 |  27.4 |     217 |      79 |  26.7
            +---------+---------+-------+---------+---------+-------
        D:1 |      26 |       0 |   0.0 |      17 |       0 |   0.0
        D:2 |      50 |       0 |   0.0 |      24 |       0 |   0.0
        D:3 |      53 |       0 |   0.0 |      26 |       0 |   0.0
        D:4 |     305 |       5 |   1.6 |      22 |       1 |   4.3
        D:5 |     637 |       0 |   0.0 |      12 |       0 |   0.0
        D:6 |     389 |       0 |   0.0 |      26 |       0 |   0.0
        D:7 |    1648 |     407 |  19.8 |      15 |       5 |  25.0
        D:8 |    1729 |    2102 |  54.9 |      13 |      34 |  72.3
     Lair:1 |    5961 |     655 |   9.9 |      20 |       4 |  16.7
     Lair:2 |    5499 |       0 |   0.0 |      26 |       0 |   0.0
     Lair:3 |    5168 |    4838 |  48.4 |      16 |      14 |  46.7
      Sewer |       0 |      96 | 100.0 |       0 |      21 | 100.0
            +---------+---------+-------+---------+---------+-------
